 Dungeon Crawl Stone Soup version 0.31-a0-121-g1e386dd289 (webtiles) character file.

Game seed: 13584549743454032763

7343 erloom the Transmogrifier (level 10, -18/92 (93) HPs)
             Began as a Grey Draconian Transmuter on May 31, 2023.
             Was an Elder of Okawaru.
             Demolished by a two-headed ogre
             ... wielding a +0 giant spiked club
              (27 damage)
             ... on level 9 of the Dungeon.
             The game lasted 00:26:21 (11493 turns).

erloom the Transmogrifier (DrTm)                   Turns: 11493, Time: 00:26:22

HP:   -18/92 (93)   AC:  8    Str: 19    XL:     10   Next: 91%
MP:   13/19         EV: 10    Int: 18    God:    Okawaru [****..]
Gold: 983           SH:  0    Dex: 11    Spells: 6/21 levels left

rFire   x .          .
                       - Unarmed
rCold   + + +        (shield currently unavailable)
rNeg    . . .        (body armour unavailable)
rPois   +            (helmet currently unavailable)
rElec   .            r - melded +0 cloak
rCorr   .            (gloves currently unavailable)
SInv    .            (boots currently unavailable)
Will    .....        d - amulet of the acrobat
Stlth   ++           j - +6 ring of strength
HPRegen 0.35/turn    (no ring)
MPRegen 0.16/turn

%: acrobat
@: ice-form, wereblooded, lightly drained
A: freezing attack, boosted hp, AC +12, amphibious, large, unfitting armour,
(cold-blooded)
a: End Transformation, Renounce Religion, Heroism, Finesse


You were on level 9 of the Dungeon.
You worshipped Okawaru.
Okawaru was greatly pleased with you.
You were a creature of crystalline ice.
You visited 2 branches of the dungeon, and saw 10 of its levels.
You also visited: Sewer and Ossuary.

You collected 1031 gold pieces.
You spent 48 gold pieces at shops.

Inventory:

Armour
 r - a +0 cloak (melded)
 B - an orb of guile
Jewellery
 d - an amulet of the acrobat (around neck)
 j - a +6 ring of strength (left front paw)
Wands
 p - a wand of polymorph (3)
 q - a wand of flame (35)
 C - a wand of roots (21)
Scrolls
 b - 2 scrolls of immolation
 c - 2 scrolls of silence {unknown}
 e - 5 scrolls of blinking
 g - 3 scrolls of enchant weapon {unknown}
 h - 7 scrolls of teleportation {unknown}
 i - 6 scrolls of identify {unknown}
 k - 2 scrolls of vulnerability {unknown}
 n - a scroll of fog {unknown}
 o - a scroll of summoning {unknown}
 t - 4 scrolls of amnesia {unknown}
 v - 3 scrolls of poison {unknown}
 w - 3 scrolls of fear {unknown}
 y - 2 scrolls of magic mapping {unknown}
 D - a scroll of noise {unknown}
Potions
 a - 8 potions of lignification
 f - 3 potions of haste {unknown}
 l - 5 potions of curing
 m - 2 potions of might {unknown}
 s - a potion of mutation {unknown}
 u - 3 potions of heal wounds {unknown}
 x - 3 potions of brilliance {unknown}
 z - a potion of ambrosia {unknown}
 A - a potion of enlightenment {unknown}


   Skills:
 - Level 4.0 Fighting
 - Level 4.0 Dodging
 - Level 2.0 Stealth
 - Level 8.0 Unarmed Combat
 - Level 6.0 Spellcasting
 + Level 9.4 Transmutations
 - Level 6.0 Ice Magic
 - Level 3.0 Poison Magic
 - Level 4.0 Invocations
 - Level 3.0 Evocations


You had 6 spell levels left.
You knew the following spells:

 Your Spells              Type           Power      Damage    Failure   Level
a - Beastly Appendage     Tmut           78%        N/A       1%          1
b - Spider Form           Tmut/Pois      27%        N/A       2%          3
c - Wereblood             Tmut           39%        N/A       1%          2
d - Ice Form              Ice/Tmut       33%        N/A       4%          4
e - Blade Hands           Tmut           19%        N/A       7%          5

Your spell library contained the following spells:

 Spells                   Type           Power      Damage    Failure   Level
 Freeze                   Ice            100%       1d10      1%          1
 Frozen Ramparts          Ice            54%        1d9       3%          3
 Ignite Poison            Fire/Tmut/Pois 20%        N/A       7%          3
 Hailstorm                Conj/Ice       16%        3d6       11%         3
 Slow                     Hex            20%        N/A       12%         1
 Cigotuvi's Dreadful Rot  Necr/Pois/Air  18%        N/A       12%         2
 Sublimation of Blood     Necr           5%         N/A       19%         2
 Alistair's Intoxication  Tmut/Pois      18%        N/A       26%         5
 Confusing Touch          Hex            5%         N/A       34%         3
 Dazzling Flash           Conj/Hex       10%        N/A       34%         3
 Portal Projectile        Hex/Tloc       10%        N/A       34%         3
 Vampiric Draining        Necr           5%         2d6       34%         3
 Volatile Blastmotes      Fire/Tloc      10%        2d10      34%         3
 Olgreb's Toxic Radiance  Pois           16%        N/A       34%         4
 Dispel Undead            Necr           5%         3d7       75%         4
 Iskenderun's Mystic Bla  Conj/Tloc      5%         2d3       75%         4
 Eringya's Noxious Bog    Tmut/Pois      13%        N/A       82%         6
 Borgnjor's Vile Clutch   Necr/Erth      2%         N/A       97%         5
 Plasma Beam              Fire/Air       2%         2x1d14    100%        6
 Starburst                Conj/Fire      2%         6d3       100%        6
 Tukima's Dance           Hex            Unusable   N/A       N/A         3
 Death Channel            Necr           Unusable   N/A       N/A         6
 Summon Hydra             Summ           Unusable   N/A       N/A         7

Dungeon Overview and Level Annotations

Branches:
Dungeon (9/15)             Temple (1/1) D:5            Lair (0/5) D:8
    Orc (0/2) D:9           Sewer (visited)         Ossuary (visited)

Altars:
Ashenzari
Cheibriados
Dithmenos
Elyvilon
Fedhas
Gozag
Hepliaklqana
Kikubaaqudgha
Nemelex Xobeh
Okawaru
Qazlal
Sif Muna
Trog
Uskayaw
Vehumet
Wu Jian
Xom
Yredelemnul
Zin
The Shining One

Shops:
D:6 :   D:7 !

Annotations:
D:3 exclusion: downstairs
D:6 3 runed translucent doors, 1 exclusion, Chingon's ghost, novice MiFi
D:9 1 runed translucent door, exclusion: deep elf pyromancer


Innate Abilities, Weirdness & Mutations

You are a creature of crystalline ice.
You have a powerful freezing melee attack.
Your maximum health is increased.
Your armour is entirely melded.
You are incapable of wielding weapons or throwing items.
((Your dull iron-grey scales are very hard. (AC +12)))
You are amphibious.
You cannot fit into any form of body armour.
((You are cold-blooded and may be slowed by cold attacks.))


Message History

Confirm with . or Enter, or press ? or * to list all spells.
Your blood is infused with primal strength.
An orc warrior comes into view. It is wielding a +0 short sword.
Casting: Wereblood (safe; 1% risk of failure)
Confirm with . or Enter, or press ? or * to list all spells.
Your horns disappear.
Your talons disappear.
You turn into a creature of crystalline ice.
Your +0 cloak melds into your body.
The yak barely misses you.
An orc comes into view. It is wielding a +0 flail.
You hit the yak. You freeze the yak.
The yak is moderately wounded.
The yak gores you!
You hit the yak. You freeze the yak.
The yak is moderately wounded.
You punch the yak! You freeze the yak.
The yak is heavily wounded.
The yak closely misses you.
You hit the yak. You freeze the yak.
The yak is severely wounded.
The yak gores you.
You pummel the yak!! You freeze the yak.
You feel a bit better.
You kill the yak!
Okawaru accepts your kill.
You hit the two-headed ogre. You freeze the two-headed ogre.
The two-headed ogre is lightly wounded.
You howl as the wereblood boils in your veins!
The two-headed ogre hits you with a +0 giant spiked club!
The two-headed ogre barely misses you.
You hit the two-headed ogre. You freeze the two-headed ogre.
The two-headed ogre is moderately wounded.
You pummel the two-headed ogre!! You freeze the two-headed ogre!
The two-headed ogre is almost dead.
The two-headed ogre hits you with a +0 giant spiked club!
The two-headed ogre hits you with a +0 giant club!
You hit the two-headed ogre. You freeze the two-headed ogre.
The two-headed ogre is almost dead.
The two-headed ogre hits you with a +0 giant spiked club!!
* * * LOW HITPOINT WARNING * * *
The two-headed ogre hits you with a +0 giant club!!
You die...

#.# #.# #.#
.######.##
.........
#Y....oo# #o#
#O# #Y# # # #.#
#.#. ####.####..
#.#.
#...........
#..##.##.####..#
#...>...# ##
##..###.# #.#
##.....# #.#
##)######


You could see a two-headed ogre, an orc warrior and 2 orcs.

Vanquished Creatures
  A two-headed ogre (D:7)
  Pikel (D:7)
  A rime drake (D:8)
  A wyvern (D:8)
  Sigmund (D:4)
  5 yaks (D:9)
  The ghost of rigao the Covered, an amateur MiFi (D:4)
  Menkaure (D:6)
  3 water moccasins
  2 orc warriors
  3 sky beasts
  2 black bears
  7 ice beasts
  2 centaurs
  An ogre (D:4)
  3 wolves (D:8)
  A lemure (D:7)
  4 kobold brigands
  A phantom (D:5)
  A gnoll sergeant (D:8)
  4 bullfrogs
  A scorpion (D:3)
  3 wights (D:9)
  5 killer bees (D:9)
  3 howler monkeys (D:8)
  2 electric eels (D:6)
  3 hounds
  A jelly (D:8)
  4 orc priests
  Crazy Yiuf (D:4)
  4 sleepcaps
  8 iguanas
  11 orc wizards
  8 mummies (Ossuary)
  Robin (D:4)
  6 gnolls
  5 adders
  2 river rats (D:3)
  2 white imps
  3 worms
  3 dart slugs (D:2)
  52 orcs
  15 ball pythons
  3 bats
  20 endoplasms
  13 giant cockroaches
  3 gnoll zombies (Ossuary)
  18 goblins
  10 hobgoblins
  6 jackals
  15 quokkas
  13 frilled lizards
  3 hobgoblin zombies (Ossuary)
  26 kobolds
  2 orc zombies (Ossuary)
  6 rats
327 creatures vanquished.

Notes
Turn   | Place    | Note
-------+----------+-------------------------------------------
     0 | D:1      | erloom the Draconian Transmuter began the quest for the
                  | Orb.
     0 | D:1      | Reached XP level 1. HP: 16/16 MP: 3/3
   233 | D:1      | Reached XP level 2. HP: 23/23 MP: 5/5
   606 | D:1      | Found a faded altar of an unknown god.
   868 | D:2      | Found a shimmering blue altar of Sif Muna.
   895 | D:2      | Reached XP level 3. HP: 28/28 MP: 4/6
  1856 | D:3      | Reached skill level 5 in Unarmed Combat
  1856 | D:3      | Reached XP level 4. HP: 34/35 MP: 7/7
  1860 | D:3      | Learned a level 3 spell: Spider Form
  2043 | D:3      | Reached skill level 1 in Poison Magic
  2043 | D:3      | Reached XP level 5. HP: 40/40 MP: 6/8
  2062 | D:3      | Found a glowing drain.
  2066 | Sewer    | Entered a sewer
  2583 | Sewer    | Reached skill level 3 in Transmutations
  2798 | Sewer    | Reached XP level 6. HP: 45/47 MP: 6/10
  2994 | D:3      | Found an ornate altar of the Wu Jian Council.
  3533 | D:3      | Reached skill level 4 in Transmutations
  3632 | D:4      | Noticed an ice beast
  3721 | D:4      | Your scales start taking on a dull iron-grey colour.
  3721 | D:4      | Reached XP level 7. HP: 30/52 MP: 10/13
  3811 | D:4      | Learned a level 2 spell: Wereblood
  3823 | D:4      | Identified the +4 halberd of Instant Death {speed, Dex+3}
  3896 | D:4      | Reached skill level 5 in Transmutations
  4127 | D:4      | Noticed Sigmund
  4137 | D:4      | Killed Sigmund
  4138 | D:4      | Reached skill level 1 in Stealth
  4142 | D:4      | Reached XP level 8. HP: 41/61 MP: 11/14
  4527 | D:4      | Reached skill level 6 in Transmutations
  4667 | D:4      | Noticed Robin
  4674 | D:4      | Killed Robin
  4694 | D:4      | Found a runed translucent door.
  4698 | D:4      | Noticed rigao's ghost (amateur MiFi)
  4772 | D:4      | Found a runed translucent door.
  4773 | D:4      | Noticed Crazy Yiuf
  4783 | D:4      | Killed Crazy Yiuf
  4880 | D:5      | Entered Level 5 of the Dungeon
  5582 | D:5      | Found a staircase to the Ecumenical Temple.
  5588 | Temple   | Entered the Ecumenical Temple
  6079 | D:6      | Reached XP level 9. HP: 67/71 MP: 15/15
  6197 | D:6      | Found a runed translucent gate.
  6197 | D:6      | Found a runed translucent gate.
  6197 | D:6      | Found a runed translucent gate.
  6274 | D:6      | Found an iron altar of Okawaru.
  6314 | D:6      | Became a worshipper of Warmaster Okawaru
  6341 | D:6      | Noticed Menkaure
  6359 | D:6      | Killed Menkaure
  6360 | D:6      | Reached skill level 1 in Evocations
  6472 | D:6      | Reached skill level 1 in Invocations
  6572 | D:6      | Noticed a kobold demonologist
  6574 | D:6      | Noticed Chingon's ghost (novice MiFi)
  6640 | D:5      | Noticed a rust devil
  6640 | D:5      | Noticed a rust devil
  6887 | D:6      | Found Xenurr's Self-Improvement Boutique.
  7351 | D:7      | Noticed a two-headed ogre
  7506 | D:7      | Found a sand-covered staircase.
  7525 | Ossuary  | Entered an ossuary
  7582 | Ossuary  | Reached * piety under Okawaru
  7709 | Ossuary  | Learned a level 4 spell: Ice Form
  8168 | D:7      | Found Gozycuw's Distillery.
  8184 | D:7      | Noticed Pikel
  8231 | D:7      | Killed Pikel
  8231 | D:7      | Reached ** piety under Okawaru
  8337 | D:7      | Bought a potion of curing for 48 gold pieces
  8461 | D:7      | Found the +4 robe of Augmentation {Str+4 Int+4 Dex+4}
  8617 | D:7      | Killed a two-headed ogre
  8618 | D:7      | Reached skill level 5 in Spellcasting
  8618 | D:7      | Reached skill level 7 in Transmutations
  8618 | D:7      | Reached XP level 10. HP: 48/78 MP: 11/17
  9250 | D:8      | Found an opulent altar of Gozag.
  9975 | D:8      | Reached *** piety under Okawaru
 10170 | D:8      | Found a staircase to the Lair.
 10347 | D:8      | Learned a level 5 spell: Blade Hands
 10490 | D:8      | Reached skill level 5 in Ice Magic
 10602 | D:8      | Reached skill level 8 in Transmutations
 10638 | D:9      | Found a runed translucent door.
 10806 | D:4      | Killed rigao's ghost
 10812 | D:4      | Got the Textbook on Effluvium and Hyperthermia
 11076 | D:9      | Reached **** piety under Okawaru
 11077 | D:9      | Reached skill level 9 in Transmutations
 11157 | D:9      | Noticed a deep elf pyromancer
 11254 | D:9      | Found a staircase to the Orcish Mines.
 11479 | D:9      | Noticed a two-headed ogre
 11493 | D:9      | Demolished by a two-headed ogre

Illustrated notes

Levels and vault maps discovered:
D:1:      co_arrival_square_in_a_square_in_a_square, layout_basic,
          ebering_ecumenical_altar_hall, minmay_tiny_reverse_x
D:2:      layout_loops_corners, basic_altar
D:3:      layout_basic, lemuel_doored_altar, gup_sewer_entry_bowl,
          hellmonk_no_cap
D:4:      layout_basic, ebering_ghost_inner_flame,
          hangedman_decor_diamond_cutter, uniq_robin, uniq_sigmund,
          uniq_crazy_yiuf_cottage
D:5:      cheibrodos_iron_armory, layout_cave_pools,
          minmay_temple_entry_enclosed_plants, grunt_decor_clamped,
          kennysheep_generic_room_4
D:6:      layout_loops_corners, old_standard_altar,
          gammafunk_ghost_nasty_kobolds, serial_bayou_lagoon_a,
          mumra_transporter_accident, nicolae_shop_self_help, uniq_menkaure
D:7:      layout_basic, serial_shops, nicolae_shop_industrial_runoff,
          nicolae_ossuary_entry_ruins, minmay_a_box_with_orc_wizards_in_it,
          uniq_pikel
D:8:      layout_basic, mainiacjoe_overflow_boulevard, hellmonk_lair_entry_icy
D:9:      layout_loops_ring, nzn_makhleb_speed_demon, nicolae_ru_path_of_blood,
          hiddenorc2_lemuel
Temple:   nicolae_temple_bog_church

Skill      XL: |  1  2  3  4  5  6  7  8  9 10 |
---------------+-------------------------------+-----
Unarmed Combat | 4 5 7 8 |  8.0
Poison Magic   | 1 2 3 |  3.0
Transmutations | 3 4 5 6 7 9 |  9.4
Spellcasting   | 3 4 5 6 |  6.0
Dodging        | 2 3 4 |  4.0
Fighting       | 2 4 |  4.0
Stealth        | 2 |  2.0
Evocations     | 3 |  3.0
Invocations    | 4 |  4.0
Ice Magic      | 3 6 |  6.0

Action                     |  1- 3 |  4- 6 |  7- 9 | 10-12 || total
---------------------------+-------+-------+-------+-------++-------
  Melee: Unarmed           |   145 |   278 |   435 |   285 ||  1143
         Tailslap          |    21 |    27 |    29 |    19 ||    96
         Kick              |     7 |    20 |     4 |     1 ||    32
         Headbutt          |     2 |     6 |     3 |     1 ||    12
         Punch             |       |     7 |    10 |     9 ||    26
   Cast: Beastly Appendage |     2 |     6 |     4 |     2 ||    14
         Spider Form       |       |     2 |    17 |     5 ||    24
         Wereblood         |       |       |    19 |    12 ||    31
         Ice Form          |       |       |       |     6 ||     6
         Blade Hands       |       |       |       |     1 ||     1
 Invoke: Heroism           |       |       |     1 |     1 ||     2
  Evoke: Wand              |       |       |     6 |       ||     6
    Use: Scroll            |       |     1 |       |       ||     1
   Stab: Sleeping          |       |       |     2 |       ||     2
         Distracted        |       |       |       |     1 ||     1
 Armour: Skin              |    30 |    76 |    96 |    65 ||   267
  Dodge: Dodged            |   110 |   200 |   242 |   170 ||   722

Table legend: (Time is in decaauts)
 A = Elapsed time spent in this place.
 B = Non-inter-level travel time spent in this place.
 C = Inter-level travel time spent in this place.
 D = Time resting spent in this place.
 E = Time spent auto-exploring this place.
 F = Levels seen in this place.
 G = Mean time per level.
                   A        B        C        D        E       F      G
               +--------+--------+--------+--------+--------+-----+--------+
         Total |  11484 |  10850 |    634 |    641 |   6978 |  12 |  957.0 |
       Dungeon |  10033 |   9410 |    623 |    364 |   6358 |   9 | 1114.8 |
        Temple |    121 |    110 |     11 |      0 |     97 |   1 |  121.0 |
         Sewer |    994 |    994 |      0 |    226 |    387 |   1 |  994.0 |
       Ossuary |    334 |    334 |      0 |     51 |    135 |   1 |  334.0 |
               +--------+--------+--------+--------+--------+-----+--------+

Top non-repeatable levels by time:
     D:6: 1573 daAuts
     D:7: 1474 daAuts
     D:8: 1460 daAuts
     D:4: 1345 daAuts
     D:3: 1079 daAuts
   Sewer: 994 daAuts
     D:1: 850 daAuts
     D:5: 835 daAuts
     D:2: 826 daAuts
     D:9: 589 daAuts
 Ossuary: 334 daAuts
  Temple: 121 daAuts
